 Dungeon Crawl Stone Soup version 0.29-a0-791-ga0f254aafb (webtiles) character file.

Game seed: 2187257993771366600

36041 Malachi the Marksdemonspawn (level 13, -3/106 HPs)
             Began as a Demonspawn Hunter on July 3, 2022.
             Was a High Priest of Wu Jian.
             Slain by a skeletal warrior
             ... wielding a +0 trident
              (8 damage)
             ... on level 13 of the Dungeon.
             The game lasted 00:38:37 (20156 turns).

Malachi the Marksdemonspawn (Demonspawn Hunter)    Turns: 20156, Time: 00:38:38

Health: -3/106     AC: 18    Str: 12    XL:     13   Next: 50%
Magic:  0/13       EV: 20    Int: 10    God:    Wu Jian [*****.]
Gold:   1425       SH:  0    Dex: 34    Spells: 12/12 levels left

rFire   + + .      SeeInvis +   S - +2 shortbow "Lexofen" {venom, rF++ Dex+4}
rCold   . . .      Faith    .   (shield currently unavailable)
rNeg    . . .      Spirit   +   T - +3 swamp dragon scales
rPois   +          Reflect  .   X - +2 helmet
rElec   .          Harm     .   G - +2 cloak
rCorr   .          Rampage  .   (gloves unavailable)
Will    .....                   (boots unavailable)
Stlth   +++.......              (no amulet)
HPRegen 0.27/turn               Q - +6 ring of dexterity
MPRegen 0.26/turn               W - ring of see invisible

@: about to teleport
A: hooves 3, powered by death 1, magic shield, magic regeneration, magic link,
weakness stinger 1, demonic touch 3, camouflage 1, agile 1
a: Renounce Religion, Wall Jump, Serpent's Lash, Heavenly Storm


You were on level 13 of the Dungeon.
You worshipped Wu Jian.
Wu Jian was extremely pleased with you.
You visited 2 branches of the dungeon, and saw 15 of its levels.
You also visited: Sewer.

You collected 1893 gold pieces.
You spent 468 gold pieces at shops.

Inventory:

Hand Weapons
 s - a +2 dagger of electrocution
 K - a +5 vorpal sling
 S - the +2 shortbow "Lexofen" (weapon) {venom, rF++ Dex+4}
   (You found it on level 1 of the Orcish Mines)

   Any ammunition fired from it poisons the flesh of those it strikes.
   Dex:       It affects your dexterity (+4).
   rF:        It greatly protects you from fire.
 Z - a +3 scimitar of flaming
Missiles
 Y - a throwing net
Armour
 r - an orb of wrath
 v - an orb of mayhem
 G - a +2 cloak (worn)
 T - +3 swamp dragon scales (worn)
 X - a +2 helmet (worn)
Jewellery
 c - a ring of protection from fire
 l - a +6 ring of intelligence
 m - a ring of positive energy
 u - a ring of wizardry
 y - the amulet of Elemental Vulnerability {rPois rF-- rC-- AC+8}
   (You found it on level 4 of the Dungeon)

   [amulet of nothing]

   AC:        It affects your AC (+8).
   rF:        It makes you very vulnerable to fire.
   rC:        It makes you very vulnerable to cold.
   rPois:     It protects you from poison.
 J - a ring of positive energy
 Q - a +6 ring of dexterity (left hand)
 U - a ring of fire
 W - a ring of see invisible (right hand)
Wands
 a - a wand of mindburst (8)
 o - a wand of paralysis (9)
 E - a wand of flame (33)
 F - a wand of iceblast (6)
 O - a wand of polymorph (12)
 R - a wand of light (1)
 V - a wand of digging (6)
Scrolls
 b - a scroll of immolation
 d - 5 scrolls of magic mapping
 e - 2 scrolls of teleportation
 g - 3 scrolls of vulnerability
 j - 3 scrolls of torment
 k - 3 scrolls of amnesia
 p - a scroll of silence
 q - 2 scrolls of blinking
 L - a scroll of poison
 M - a scroll of fog
 P - 2 scrolls of enchant weapon
Potions
 f - 6 potions of cancellation
 h - 6 potions of curing
 i - 3 potions of mutation
 n - 2 potions of attraction
 t - 2 potions of heal wounds
 w - 3 potions of might
 x - a potion of brilliance
 z - 2 potions of magic
 A - a potion of flight
 B - 5 potions of haste
 C - a potion of resistance
 D - 4 potions of invisibility
 H - 5 potions of ambrosia
 I - a potion of lignification
Miscellaneous
 N - a phantom mirror


   Skills:
 - Level 11.2 Fighting
 - Level 10.0 Short Blades
 + Level 15.6 Ranged Weapons
 - Level 6.2 Armour
 - Level 9.0 Dodging
 - Level 0.8 Stealth


You had 12 spell levels left.
You didn't know any spells.
Your spell library contained the following spells:

 Spells                   Type           Power      Damage    Failure   Level
 Sublimation of Blood     Necr           0%         N/A       75%         2
 Call Canine Familiar     Summ           0%         N/A       93%         3
 Gell's Gravitas          Tloc           0%         N/A       93%         3
 Ozocubu's Armour         Ice            0%         N/A       93%         3
 Portal Projectile        Hex/Tloc       0%         N/A       93%         3
 Teleport Other           Tloc           0%         N/A       93%         3
 Leda's Liquefaction      Hex/Erth       0%         N/A       100%        4
 Petrify                  Tmut/Erth      0%         N/A       100%        4
 Irradiate                Conj/Tmut      0%         3d13      100%        5
 Iskenderun's Battlesphe  Conj           0%         2d6       100%        5
 Metabolic Englaciation   Hex/Ice        0%         N/A       100%        5
 Dispersal                Tloc           0%         N/A       100%        6
 Iron Shot                Conj/Erth      0%         9d1       100%        6
 Simulacrum               Ice/Necr       0%         N/A       100%        6
 Spellforged Servitor     Conj/Summ      0%         N/A       100%        7


Dungeon Overview and Level Annotations

Branches:
Dungeon (13/15)            Temple (0/1) D:6            Lair (0/6) D:8
    Orc (2/2) D:12            Elf (0/3) Orc:2         Sewer (visited)
 Vaults: D:13-14

Altars:
Dithmenos
Makhleb
Nemelex Xobeh
Wu Jian

Shops:
Orc:1 =[   Orc:2 *([=


Innate Abilities, Weirdness & Mutations

You have hooves in place of feet.
You regenerate a little health from kills.
When hurt, damage is shared between your health and your magic reserves.
You regenerate magic rapidly.
When low on magic, you restore magic in place of health.
You have a small tail.
Your touch may irresistibly damage your foes and sap their willpower.
Your skin changes colour to match your surroundings (Stealth+).
You are agile. (Dex +4, Str/Int -1)


Message History

The boulder beetle hits you!
The boulder beetle stops rolling and uncurls.
You shoot an arrow.
The arrow hits the skeletal warrior but does no damage.
The skeletal warrior is moderately damaged.
The boulder beetle completely misses you.
The skeletal warrior closely misses you.
You shoot an arrow. The arrow hits the skeletal warrior.
The skeletal warrior is moderately damaged.
The boulder beetle misses you.
The boulder beetle attacks as you move away!
The boulder beetle misses you.
The boulder beetle curls into a ball and begins rolling!
The boulder beetle hits you!!!
The boulder beetle stops rolling and uncurls.
The boulder beetle attacks as you move away!
The boulder beetle misses you.
The boulder beetle curls into a ball and begins rolling!
The boulder beetle attacks as you move away!
The boulder beetle misses you.
The boulder beetle stops rolling and uncurls.
The boulder beetle attacks as you move away!
The boulder beetle bites you but does no damage.
The boulder beetle curls into a ball and begins rolling!
The boulder beetle attacks as you move away!
The boulder beetle hits you!!!
* * * LOW HITPOINT WARNING * * *
The boulder beetle stops rolling and uncurls.
As you read the scroll of teleportation, it crumbles to dust.
You feel strangely unstable.
The boulder beetle bites you but does no damage.
The boulder beetle attacks as you move away!
The boulder beetle bites you!
* * * LOW HITPOINT WARNING * * *
Your surroundings suddenly seem different.
Found 29 gold pieces.
As you read the scroll of teleportation, it crumbles to dust.
You feel strangely unstable.
The skeletal warrior hits you from afar with a +0 trident!
You die...

..#.#.#.######
...>#.#.####
###...#..z.#####
z.#####.##.....###
..z..............#
..z##.......##z..#
..####.....####z.#
.## ##...## ##.#
.# ##+## #@# ..
#..# ... #...#
#.$..# +$...#
#....# ##...#
##..#


You could see 2 skeletal warriors.

Vanquished Creatures
  Saint Roka (Orc:2)
  Jorgrun (Orc:2)
  The ghost of Noshryos the Markshuman, an adept HuAr of Makhleb (Orc:1)
  An ettin (Orc:1)
  A boulder beetle (D:11)
  Harold (Orc:1)
  2 hydras
  An ogre mage (D:11)
  9 two-headed ogres
  An orc high priest (Orc:2)
  Lodul (D:11)
  4 orc knights (Orc:2)
  A cyclops (D:11)
  The ghost of crawlogic the Cleaver, a novice HuFi (D:4)
  3 orc sorcerers
  An ugly thing (D:10)
  Joseph (D:8)
  A gargoyle (D:10)
  Maggie (D:6)
  A kobold demonologist (D:12)
  An unseen horror (D:12)
  A komodo dragon (D:12)
  An efreet (D:10)
  4 trolls
  Grinder (D:5)
  4 slime creatures (D:12)
  A shadow (D:12)
  A vampire (D:11)
  3 wyverns
  22 yaks
  A wraith (D:10)
  2 steam dragons
  3 vampire mosquitoes (D:12)
  An acid dragon (D:11)
  2 water moccasins
  2 ice beasts (D:6)
  3 sky beasts (D:7)
  28 orc warriors
  16 ogres
  9 centaurs
  A phantom (D:5)
  2 kobold brigands
  6 bullfrogs
  A necrophage (D:5)
  2 gnoll sergeants
  2 scorpions
  6 wights
  13 killer bees
  An electric eel (D:8)
  5 howler monkeys
  2 hounds
  A jelly (D:5)
  Crazy Yiuf (D:3)
  A bouda (D:5)
  23 orc priests
  Jessica (D:3)
  5 iguanas
  26 orc wizards
  Ijyb (D:3)
  Robin (D:3)
  15 adders
  11 gnolls
  3 shadow imps
  3 worms (D:3)
  A dart slug (D:2)
  70 orcs
  9 bats
  16 endoplasms
  11 giant cockroaches
  10 goblins
  6 hobgoblins
  6 jackals
  17 kobolds
  6 quokkas
  20 ball pythons
  11 frilled lizards
  4 rats
460 creatures vanquished.

Vanquished Creatures (others)
  An orc priest (Orc:2)
  3 orc wizards (Orc:2)
  A kobold (D:9)
5 creatures vanquished.

Grand Total: 465 creatures vanquished

Notes
Turn   | Place    | Note
-------+----------+-------------------------------------------
     0 | D:1      | Malachi the Demonspawn Hunter began the quest for the Orb.
     0 | D:1      | Reached XP level 1. HP: 16/16 MP: 1/1
   231 | D:1      | Reached skill level 4 in Ranged Weapons
   295 | D:1      | Gained mutation: You regenerate magic rapidly. [demonic
                  | ancestry]
   295 | D:1      | Reached XP level 2. HP: 22/22 MP: 2/2
  1073 | D:2      | Discovered your monstrous ancestry.
  1073 | D:2      | Gained mutation: You have large cloven feet. [demonic
                  | ancestry]
  1073 | D:2      | Reached XP level 3. HP: 27/27 MP: 3/3
  1185 | D:2      | Reached XP level 4. HP: 32/33 MP: 4/4
  1326 | D:2      | Reached skill level 1 in Short Blades
  1757 | D:2      | Reached skill level 1 in Armour
  2040 | D:3      | Found a glowing drain.
  2054 | Sewer    | Entered a sewer
  2771 | Sewer    | Gained mutation: You have hoof-like feet. [demonic
                  | ancestry]
  2771 | Sewer    | Reached XP level 5. HP: 34/38 MP: 5/5
  3301 | Sewer    | Gained mutation: Your touch may inflict minor irresistible
                  | damage on your foes. [demonic ancestry]
  3301 | Sewer    | Reached XP level 6. HP: 3/44 MP: 6/6
  3955 | D:3      | Noticed a water moccasin
  3965 | D:3      | Killed a water moccasin
  4157 | D:3      | Noticed Jessica
  4159 | D:3      | Killed Jessica
  4486 | D:3      | Found a runed translucent door.
  4487 | D:3      | Noticed Crazy Yiuf
  4557 | D:3      | Noticed Robin
  4567 | D:3      | Gained mutation: Your touch may inflict irresistible damage
                  | on your foes. [demonic ancestry]
  4567 | D:3      | Reached XP level 7. HP: 50/50 MP: 7/7
  4571 | D:3      | Killed Robin
  4574 | D:3      | Reached skill level 5 in Short Blades
  4626 | D:3      | Found a faded altar of an unknown god.
  4694 | D:3      | Found a shadowy altar of Dithmenos.
  4695 | D:3      | Found an ornate altar of the Wu Jian Council.
  4695 | D:3      | Found a sparkling altar of Nemelex Xobeh.
  4704 | D:3      | Noticed Ijyb
  4713 | D:3      | Killed Ijyb
  4767 | D:3      | Became a worshipper of the Wu Jian Council
  5251 | D:3      | Killed Crazy Yiuf
  5984 | D:4      | Found the amulet of Elemental Vulnerability {rPois rF--
                  | rC-- AC+8}
  6029 | D:4      | Found a runed translucent door.
  6033 | D:4      | Noticed crawlogic's ghost (novice HuFi)
  6134 | D:4      | Killed crawlogic's ghost
  6135 | D:4      | Gained mutation: When hurt, damage is shared between your
                  | health and your magic reserves. [demonic ancestry]
  6135 | D:4      | Reached XP level 8. HP: 56/56 MP: 8/8
  6560 | D:5      | Entered Level 5 of the Dungeon
  6941 | D:5      | Noticed Grinder
  6953 | D:5      | Killed Grinder
  7371 | D:5      | Identified a scroll of acquirement
  7371 | D:5      | Acquired a manual of Ranged Weapons
  7522 | D:6      | Reached skill level 5 in Armour
  7986 | D:6      | Gained mutation: You have hooves in place of feet. [demonic
                  | ancestry]
  7986 | D:6      | Reached XP level 9. HP: 61/61 MP: 9/9
  8267 | D:6      | Found a staircase to the Ecumenical Temple.
  8538 | D:6      | Reached * piety under Wu Jian
  8636 | D:6      | Noticed Maggie
  8643 | D:6      | Killed Maggie
  8915 | D:7      | Reached skill level 10 in Short Blades
  9890 | D:8      | Reached ** piety under Wu Jian
  9912 | D:8      | Identified the +0 leather armour "Kadont" {Rampage rPois
                  | rF-}
  9934 | D:8      | Reached skill level 5 in Fighting
  9984 | D:8      | Gained mutation: Your touch may irresistibly damage your
                  | foes and sap their willpower. [demonic ancestry]
  9984 | D:8      | Reached XP level 10. HP: 65/76 MP: 7/10
 10115 | D:8      | Found a staircase to the Lair.
 10286 | D:8      | Identified the -1 tower shield "Pampe" {+Blink rC+ Dex+2
                  | Slay-5}
 10477 | D:8      | Noticed Joseph
 10494 | D:8      | Killed Joseph
 10750 | D:9      | Reached skill level 5 in Ranged Weapons
 10854 | D:9      | Reached skill level 6 in Ranged Weapons
 10868 | D:9      | Reached skill level 7 in Ranged Weapons
 10869 | D:9      | Noticed a two-headed ogre
 11189 | D:9      | Killed a two-headed ogre
 11190 | D:9      | Reached skill level 8 in Ranged Weapons
 11634 | D:10     | Entered Level 10 of the Dungeon
 11701 | D:10     | Noticed a gargoyle
 11720 | D:10     | Killed a gargoyle
 12103 | D:10     | Reached *** piety under Wu Jian
 12235 | D:10     | Gained mutation: You have a small tail. [demonic ancestry]
 12235 | D:10     | Reached XP level 11. HP: 64/85 MP: 9/11
 12538 | D:10     | Reached skill level 9 in Ranged Weapons
 12744 | D:10     | Gained mutation: You have a pair of small horns on your
                  | head. [potion of mutation]
 12744 | D:10     | Gained mutation: You are frail. (-10% HP) [potion of
                  | mutation]
 12744 | D:10     | Gained mutation: You sometimes lose your temper in combat.
                  | [potion of mutation]
 12762 | D:10     | Reached skill level 5 in Dodging
 12763 | D:10     | Reached skill level 10 in Ranged Weapons
 12803 | D:10     | Noticed a two-headed ogre
 12810 | D:10     | Killed a two-headed ogre
 13017 | D:10     | Lost mutation: You sometimes lose your temper in combat.
                  | [potion of mutation]
 13017 | D:10     | Lost mutation: You are frail. (-10% HP) [potion of
                  | mutation]
 13017 | D:10     | Lost mutation: You have a pair of small horns on your head.
                  | [potion of mutation]
 13017 | D:10     | Gained mutation: You are occasionally teleported next to
                  | monsters. [potion of mutation]
 13017 | D:10     | Lost mutation: You are occasionally teleported next to
                  | monsters. [potion of mutation]
 13017 | D:10     | Gained mutation: You are agile. (Dex +4, Str/Int -1)
                  | [potion of mutation]
 13017 | D:10     | Gained mutation: Your skin changes colour to match your
                  | surroundings (Stealth+). [potion of mutation]
 13050 | D:10     | Noticed a two-headed ogre
 13057 | D:10     | Reached skill level 11 in Ranged Weapons
 13059 | D:10     | Killed a two-headed ogre
 13126 | D:10     | Noticed a red ugly thing
 13131 | D:10     | Killed a red ugly thing
 13186 | D:10     | Reached skill level 12 in Ranged Weapons
 13307 | D:11     | Noticed a two-headed ogre
 13318 | D:11     | Killed a two-headed ogre
 13468 | D:11     | Noticed a two-headed ogre
 13469 | D:11     | Noticed an ogre mage
 13480 | D:11     | Killed a two-headed ogre
 13481 | D:11     | Reached skill level 13 in Ranged Weapons
 13485 | D:11     | Noticed a two-headed ogre
 13492 | D:11     | Killed a two-headed ogre
 13807 | D:11     | Noticed a boulder beetle
 13815 | D:11     | Killed an ogre mage
 13830 | D:11     | Killed a boulder beetle
 14075 | D:11     | Gained mutation: When low on magic, you restore magic in
                  | place of health. [demonic ancestry]
 14075 | D:11     | Reached XP level 12. HP: 92/92 MP: 10/12
 14142 | D:11     | Noticed a five-headed hydra
 14150 | D:11     | Killed a three-headed hydra
 14151 | D:11     | Reached skill level 14 in Ranged Weapons
 14257 | D:11     | Reached **** piety under Wu Jian
 14270 | D:11     | Noticed Lodul
 14289 | D:11     | Killed Lodul
 14778 | D:12     | Noticed a five-headed hydra
 14787 | D:12     | Killed a three-headed hydra
 14819 | D:12     | Found a staircase to the Orcish Mines.
 15212 | D:12     | Found a shadowy altar of Dithmenos.
 15385 | Orc:1    | Entered Level 1 of the Orcish Mines
 15448 | Orc:1    | Found Seviuq Sidav's Jewellery Shoppe.
 15456 | Orc:1    | Bought a +6 ring of dexterity for 468 gold pieces
 15467 | Orc:1    | Reached ***** piety under Wu Jian
 15685 | Orc:1    | Found Ysyrghe's Armour Shop.
 15825 | Orc:1    | Noticed Harold
 15840 | Orc:1    | Killed Harold
 15841 | Orc:1    | Reached skill level 10 in Fighting
 15859 | Orc:1    | Found a burning altar of Makhleb.
 15886 | Orc:1    | Found a transporter.
 15889 | Orc:1    | Found a transporter.
 15889 | Orc:1    | Identified the +2 great mace of Wicked Tortfeasance
                  | {vorpal, *Rage rPois rC+ Str+4}
 15889 | Orc:1    | Noticed an ettin
 15889 | Orc:1    | Noticed a two-headed ogre
 15889 | Orc:1    | Noticed Noshryos's ghost (adept HuAr)
 15894 | Orc:1    | Noticed a two-headed ogre
 15895 | Orc:1    | Noticed a two-headed ogre
 15920 | Orc:1    | Paralysed by an orc sorcerer for 5 turns
 16149 | Orc:1    | Killed a two-headed ogre
 16156 | Orc:1    | Killed a two-headed ogre
 16170 | Orc:1    | Killed Noshryos's ghost
 16173 | Orc:1    | Killed an ettin
 16181 | Orc:1    | Killed a two-headed ogre
 16182 | Orc:1    | Gained mutation: You regenerate a little health from kills.
                  | [demonic ancestry]
 16182 | Orc:1    | Reached XP level 13. HP: 25/106 MP: 4/13
 16193 | Orc:1    | Identified the +2 shortbow "Lexofen" {venom, rF++ Dex+4}
 16512 | Orc:2    | Entered Level 2 of the Orcish Mines
 16654 | Orc:2    | Noticed Jorgrun
 16941 | Orc:2    | Killed Jorgrun
 17504 | Orc:2    | Noticed Saint Roka
 18748 | Orc:2    | Killed Saint Roka
 18749 | Orc:2    | Reached skill level 15 in Ranged Weapons
 19650 | Orc:2    | Found Cijaal's General Store.
 19685 | Orc:2    | Found Nifyrop's Antique Armour Shop.
 19729 | Orc:2    | Found a staircase to the Elven Halls.
 19897 | Orc:2    | Found Feut's Antique Weapon Shop.
 20018 | Orc:2    | Found Ebreorpha's Jewellery Shop.
 20147 | D:13     | HP: 5/106 [boulder beetle (8)]
 20156 | D:13     | Slain by a skeletal warrior

Illustrated notes

Levels and vault maps discovered:
D:1:      eino_arrival_tree_alley, layout_basic
D:2:      layout_basic, minmay_misc_feat_diagonals, minmay_divided_ellipse
D:3:      kb_forest_paths, layout_basic,
          chequers_temple_overflow_statue_of_worship,
          ebering_ecumenical_altar_webs, cheibrodos_sewer_entry_bend,
          serial_curves, eino_curves_01, eino_curves_04, uniq_robin,
          uniq_jessica, uniq_crazy_yiuf_cottage, uniq_ijyb
D:4:      layout_basic, ebering_ghost_reflecting_pool
D:5:      layout_basic, uniq_grinder
D:6:      layout_loops_corners, minmay_temple_entry_enclosed_plants, uniq_maggie
D:7:      layout_loops_ring
D:8:      layout_basic, lair_entry_dummy, uniq_joseph
D:9:      layout_rooms
D:10:     layout_small_grid, evilmike_minifort
D:11:     kennysheep_blocky_room, layout_cave_pods, uniq_lodul
D:12:     layout_rooms, orc_0_dummy, grunt_dithmenos_shadows
D:13:     layout_basic, lightli_vaults_fourway_checkpoint
Orc:1:    layout_diamond_mine, gammafunk_ghost_smash, serial_shops, shop,
          nicolae_shop_stone, basic_altar, bloody_makhleb, uniq_harold
Orc:2:    grunt_orc_cross, layout_caves, uniq_jorgrun

Skill      XL: |  1  2  3  4  5  6  7  8  9 10 11 12 13 |
---------------+----------------------------------------+-----
Ranged Weapons | 4 8 13 14 15 | 15.6
Short Blades   | 2 3 4 6 8 10 | 10.0
Armour         | 1 2 3 5 6 |  6.2
Fighting       | 5 7 11 | 11.2
Dodging        | 4 6 9 |  9.0
Stealth        | |  0.8

Action                   |  1- 3 |  4- 6 |  7- 9 | 10-12 | 13-15 || total
-------------------------+-------+-------+-------+-------+-------++-------
Melee: Dagger            |    26 |   169 |   304 |   360 |       ||   859
       Kick              |     2 |    44 |    94 |   159 |       ||   299
       Tailslap          |       |       |       |    24 |       ||    24
       Headbutt          |       |       |       |     7 |       ||     7
       Scimitar          |       |       |       |     4 |       ||     4
 Fire: Shortbow          |    48 |       |       |       |   319 ||   367
       Sling             |       |       |       |   291 |       ||   291
Invok: Lunge             |       |       |    29 |    17 |       ||    46
       Whirlwind         |       |       |       |     1 |       ||     1
  Use: Scroll            |       |     7 |    10 |    11 |     5 ||    33
       Potion            |       |       |       |    11 |     2 ||    13
 Stab: Sleeping          |       |     4 |     6 |     3 |       ||    13
       Distracted        |       |       |     2 |       |       ||     2
       Fleeing           |       |       |       |     1 |       ||     1
Armor: Leather armour    |     9 |    24 |    22 |       |       ||    55
       Ring mail         |       |     8 |     1 |       |       ||     9
       Swamp dragon scal |       |       |    28 |   126 |    56 ||   210
Dodge: Dodged            |    51 |    98 |    91 |   192 |   116 ||   548

Table legend: (Time is in decaauts)
 A = Elapsed time spent in this place.
 B = Non-inter-level travel time spent in this place.
 C = Inter-level travel time spent in this place.
 D = Time resting spent in this place.
 E = Time spent auto-exploring this place.
 F = Levels seen in this place.
 G = Mean time per level.
                   A        B        C        D        E       F      G
               +--------+--------+--------+--------+--------+-----+--------+
         Total |  20713 |  19794 |    919 |   7524 |   8801 |  16 | 1294.6 |
       Dungeon |  14370 |  13960 |    410 |   4189 |   7557 |  13 | 1105.4 |
  Orcish Mines |   4652 |   4144 |    508 |   2278 |    938 |   2 | 2326.0 |
         Sewer |   1690 |   1690 |      0 |   1057 |    305 |   1 | 1690.0 |
               +--------+--------+--------+--------+--------+-----+--------+

Top non-repeatable levels by time:
   Orc:1: 3315 daAuts
     D:3: 2057 daAuts
   Sewer: 1690 daAuts
    D:10: 1592 daAuts
     D:6: 1490 daAuts
    D:11: 1456 daAuts
   Orc:2: 1336 daAuts
     D:8: 1307 daAuts
     D:4: 1274 daAuts
     D:2: 1057 daAuts
     D:7: 906 daAuts
     D:5: 886 daAuts
     D:1: 881 daAuts
    D:12: 745 daAuts
     D:9: 662 daAuts
